 Dungeon Crawl Stone Soup version 0.25-a0-424-g80bd347ae0 (webtiles) character file.

Game seed: 31758028590126412, levelgen mode: deterministic

422 Esekla the Magician (level 7, -2/70 HPs)
             Began as a Human Air Elementalist on Jan 21, 2020.
             Slain by Duvessa
             ... wielding a +0 short sword
              (3 damage)
             ... on level 4 of the Dungeon.
             The game lasted 00:34:38 (4244 turns).

Esekla the Magician (Human Air Elementalist)        Turns: 4244, Time: 00:34:40

Health: -2/70      AC: 23    Str: 12 (13) XL:     7   Next: 17%
Magic:  2/13       EV:  2    Int: 15 (16) God:
Gold:   176        SH:  0    Dex: 12 (15) Spells: 1/14 levels left

rFire    . . .     SeeInvis .   b - +0 short sword
rCold    . . .     Gourm    .   (no shield)
rNeg     + + +     Faith    .   (armour currently unavailable)
rPois    +         Spirit   .   (helmet currently unavailable)
rElec    .         Reflect  .   (cloak currently unavailable)
rCorr    .         Harm     .   (gloves currently unavailable)
MR       .....     NoTele   +   (boots currently unavailable)
Stlth    ++........             (no amulet)
HPRegen  0.21/turn              h - ring of wizardry
MPRegen  0.13/turn              q - ring of positive energy

@: mighty, lethally poisoned (-2 -> -2), tree-form
A: no striking features
a: no special abilities


You were on level 4 of the Dungeon.
You were hungry.
You were a tree.
You visited 1 branch of the dungeon, and saw 4 of its levels.

You collected 176 gold pieces.

Inventory:

Hand Weapons
 b - a +0 short sword (weapon)
 o - a cursed -1 spear
Missiles
 f - 6 atropa-tipped darts
 g - 6 boomerangs (quivered)
 v - 7 poisoned darts
Armour
 a - a +0 robe (melded)
 p - a +2 cloak (melded)
Jewellery
 h - a ring of wizardry (left branch)
 l - an uncursed ring of flight
 q - a ring of positive energy (right branch)
 s - a +2 ring of strength {unknown}
 w - a cursed ring of teleportation {unknown}
Scrolls
 d - 2 scrolls of remove curse {unknown}
 e - 2 scrolls of enchant armour {unknown}
 i - a scroll of fear {unknown}
 k - a scroll of noise {unknown}
 r - 4 scrolls of teleportation {unknown}
 t - a scroll of enchant weapon {unknown}
 u - 4 scrolls of identify {unknown}
Potions
 j - a potion of degeneration
Comestibles
 c - 12 rations


   Skills:
 + Level 0.4 Fighting
 + Level 1.4 Short Blades
 * Level 3.9 Dodging
 - Level 2.0 Stealth
 * Level 4.1 Spellcasting
 * Level 3.1 Conjurations
 * Level 0.2 Charms
 + Level 3.6 Air Magic


You had one spell level left.
You knew the following spells:

 Your Spells              Type           Power        Failure   Level  Hunger
a - Ozocubu's Armour      Chrm/Ice       #.......     21%         3    ###....
d - Static Discharge      Conj/Air       ##......     5%          3    ###....
e - Shock                 Conj/Air       ##..         1%          1    None
r - Airstrike             Air            ##........   16%         4    ####...
s - Swiftness             Chrm/Air       #.......     4%          2    ##.....

Your spell library contained the following spells:

 Spells                   Type           Power        Failure   Level  Hunger
 Freeze                   Ice            #...         8%          1    None
 Hailstorm                Conj/Ice       #.......     34%         4    ####...
 Lightning Bolt           Conj/Air       ##........   43%         5    ######.
 Summon Ice Beast         Ice/Summ       #.......     54%         4    ####...


Dungeon Overview and Level Annotations

Branches:
Dungeon (4/15)
 Temple: D:4-7

Altars:
Okawaru

Annotations:
D:4 Duvessa


Message History

Casting: Shock (safe; 1% risk of failure)
Confirm with . or Enter, or press ? or * to list all spells.
Aiming: Shock (safe; 1% risk of failure)
Press: ? - help, Shift-Dir - straight line The zap hits Duvessa.
Duvessa is severely wounded.
The zap hits Duvessa.
Duvessa is severely wounded.
Duvessa hits you but does no damage. x2
Casting: Shock (safe; 1% risk of failure)
Confirm with . or Enter, or press ? or * to list all spells.
Aiming: Shock (safe; 1% risk of failure)
Press: ? - help, Shift-Dir - straight line The zap hits Duvessa but does no damage.
Duvessa is severely wounded.
The zap hits Duvessa.
Duvessa is severely wounded.
* * * LOW HITPOINT WARNING * * *
You feel sick. Duvessa hits you with a +0 short sword.
You die...

#....#.# #.... ..#.#
#..###.# #..#####.#.#
#......# #..#...#.#.#
##.#######..#.#.....#
####.#
#.........#.###
.....# #.#.....###e#
.##...###.##...## #.#
..##.#.##.##..#####.#
..##......##.>..♣e).#
######.######.#######
.##.#.## #.# ####.##
#.# # ### #.# # #.#
#.# #.#
##########.####


You could see Duvessa (berserk).

Vanquished Creatures
  Dowan (D:4)
  A howler monkey (D:4)
  2 centaur skeletons (D:4)
  An iguana (D:4)
  3 worker ants (D:4)
  Natasha (D:4)
  9 adders
  An ooze (D:3)
  A worm (D:4)
  4 dart slugs (D:2)
  2 leopard geckos
  An orc (D:3)
  A ball python (D:4)
  6 giant cockroaches
  5 goblins
  6 hobgoblins (D:1)
  2 jackals (D:4)
  3 quokkas
  4 bats
  8 frilled lizards
  5 kobolds
  A leopard gecko skeleton (D:4)
  4 rats
72 creatures vanquished.

Notes
Turn   | Place    | Note
-------+----------+-------------------------------------------
     0 | D:1      | Esekla the Human Air Elementalist began the quest for the
                  | Orb.
     0 | D:1      | Reached XP level 1. HP: 13/13 MP: 3/3
   379 | D:1      | Reached XP level 2. HP: 16/19 MP: 3/5
   851 | D:2      | Learned a level 2 spell: Swiftness
   866 | D:2      | Reached XP level 3. HP: 22/24 MP: 3/6
  1197 | D:2      | Reached XP level 4. HP: 13/30 MP: 3/8
  1757 | D:2      | Reached skill level 3 in Spellcasting
  1764 | D:2      | Learned a level 3 spell: Static Discharge
  2320 | D:4      | Reached XP level 5. HP: 35/35 MP: 5/9
  2659 | D:3      | Found an iron altar of Okawaru.
  2928 | D:4      | Reached skill level 1 in Short Blades
  2928 | D:4      | Reached XP level 6. HP: 31/41 MP: 5/11
  3230 | D:4      | Noticed Natasha
  3244 | D:4      | Killed Natasha
  3477 | D:4      | Reached skill level 4 in Spellcasting
  3742 | D:3      | Learned a level 4 spell: Airstrike
  3786 | D:3      | Reached XP level 7. HP: 47/47 MP: 13/13
  4179 | D:4      | Learned a level 3 spell: Ozocubu's Armour
  4217 | D:4      | Noticed Dowan
  4219 | D:4      | Noticed Duvessa
  4233 | D:4      | Killed Dowan
  4241 | D:4      | HP: 2/70 [Duvessa/+0 short sword (6)]
  4244 | D:4      | Slain by Duvessa

Levels and vault maps discovered:
D:1:      dpeg_arrival_boxes_within_box, layout_basic
D:2:      layout_rooms, serial_forest, infiniplex_forest_lined_ring,
          infiniplex_forest_zigzag_1, infiniplex_forest_clump_curved,
          infiniplex_forest_clump_curved, infiniplex_forest_straight_4,
          infiniplex_forest_clump_double, infiniplex_forest_straight_4,
          grunt_ministairs_9
D:3:      layout_basic, old_standard_altar, first_ration, minivault_11
D:4:      minmay_razor_zed, layout_loops_corners, uniq_duvessa, uniq_natasha

Skill      XL: |  1  2  3  4  5  6 |
---------------+-------------------+-----
Spellcasting   | 3 4 |  4.1
Conjurations   | 2 3 |  3.1
Dodging        | 3 |  3.9
Short Blades   | 1 |  1.4
Fighting       | |  0.4
Stealth        | |  2.0
Charms         | |  0.2
Air Magic      | |  3.6

Action                   |  1- 3 |  4- 6 |  7- 9 || total
-------------------------+-------+-------+-------++-------
Melee: Short sword       |    20 |    48 |    19 ||    87
Throw: Dart              |     2 |       |       ||     2
 Cast: Shock             |    33 |    85 |    22 ||   140
  Use: Potion            |       |       |     3 ||     3
 Stab: Sleeping          |     3 |     7 |       ||    10
  Eat: Chunk             |     1 |     8 |     1 ||    10
Armor: Robe              |    18 |    29 |     7 ||    54
       Skin              |       |       |     6 ||     6
Dodge: Dodged            |    48 |    81 |    18 ||   147

Table legend:
 A = Non-vault XP
 B = Vault XP
 C = Vault XP percentage of total XP
 D = Non-vault monster count
 E = Vault monster count
 F = Vault count percentage of total count
                 A         B        C        D         E       F
            +---------+---------+-------+---------+---------+-------
      Total |     376 |     227 |  37.6 |      65 |       7 |   9.7
            +---------+---------+-------+---------+---------+-------
        D:1 |      31 |       0 |   0.0 |      17 |       0 |   0.0
        D:2 |      80 |      14 |  14.9 |      16 |       2 |  11.1
        D:3 |      54 |       0 |   0.0 |      16 |       0 |   0.0
        D:4 |     211 |     213 |  50.2 |      16 |       5 |  23.8
            +---------+---------+-------+---------+---------+-------
